EVO
STANFORD UNIVERSITY CARDINAL @ UCLA BRUINS
11/21/2049
 
TOP OF THE 1ST
University of Arizona Wildcats batting - Pitching for Rice University Owls : RHP Steve Seaman
Pitching: RHP Steve Seaman
Batting: RHB Ron Dondale 0-0: Called Strike
0-1: Foul Ball, location: 2F
0-2: Foul Ball, location: 2F
0-2: Strikes out looking
Batting: RHB Teddy Bonaddio 0-0: Fly out, F9 (Flyball, 9, EV 78.8 MPH)
Batting: RHB C.J. Wells 0-0: Called Strike
0-1: Called Strike
0-2: Foul Ball, location: 2F
0-2: Ball
1-2: Ball
2-2: Foul Ball, location: 2F
2-2: Foul Ball, location: 2F
2-2: Strikes out looking
Top of the 1st over - 0 runs, 0 hits, 0 errors, 0 left on base; University of Arizona 0 - Rice University 0
BOTTOM OF THE 1ST
Rice University Owls batting - Pitching for University of Arizona Wildcats : LHP Jessie Leslie
Pitching: LHP Jessie Leslie
Batting: RHB Yu-zeng Mai 0-0: Ball
1-0: Fly out, F7 (Flyball, BS1, EV 100.0 MPH)
Batting: LHB David Coatney 0-0: Ball
1-0: Called Strike
1-1: Swinging Strike
1-2: Ball
2-2: Foul Ball, location: 2F
2-2: Foul Ball, location: 2F
2-2: Ball
3-2: Strikes out swinging
Batting: RHB Fred Saxton 0-0: SINGLE (Line Drive, 9S, EV 105.6 MPH)
Batting: SHB Joan Coucieiro 0-0: Called Strike
Fred Saxton steals 2nd base
0-1: Ball
1-1: Swinging Strike
1-2: Strikes out swinging
Bottom of the 1st over - 0 runs, 1 hit, 0 errors, 1 left on base; University of Arizona 0 - Rice University 0
TOP OF THE 2ND
University of Arizona Wildcats batting - Pitching for Rice University Owls : RHP Steve Seaman
Batting: LHB Gary Corrales 0-0: Foul Ball, location: 2F
0-1: Reached on error, E4 (Groundball, 4, EV 101.9 MPH)
Batting: RHB Eddy Amaya 0-0: Called Strike
0-1: Called Strike
0-2: Ball
1-2: Foul Ball, location: 2F
1-2: Ball
2-2: Ball
3-2: Strikes out swinging
Batting: LHB Andrew Davis 0-0: Foul Ball, location: 2F
0-1: Called Strike
0-2: Ball
1-2: Ball
2-2: Foul Ball, location: 2F
2-2: Ball
3-2: Foul Ball, location: 2F
3-2: Strikes out swinging
Batting: RHB Alejandro de Jesus 0-0: Reached on error, E5 (Groundball, 56, EV 80.0 MPH)
Gary Corrales to second
Batting: RHB Larry Harlow 0-0: Foul Ball, location: 2F
0-1: Called Strike
0-2: Strikes out swinging
Top of the 2nd over - 0 runs, 0 hits, 2 errors, 2 left on base; University of Arizona 0 - Rice University 0
BOTTOM OF THE 2ND
Rice University Owls batting - Pitching for University of Arizona Wildcats : LHP Jessie Leslie
Batting: RHB Adrian Quilantan 0-0: Ground out 6-3 (Groundball, 6M, EV 103.1 MPH)
Batting: RHB Alex Ruybalid 0-0: Called Strike
0-1: Ground out 6-3 (Groundball, 6, EV 86.9 MPH)
Batting: RHB Russ Kennett 0-0: Ball
1-0: Foul Ball, location: 2F
1-1: Foul Ball, location: 2F
1-2: Strikes out swinging
Bottom of the 2nd over - 0 runs, 0 hits, 0 errors, 0 left on base; University of Arizona 0 - Rice University 0
TOP OF THE 3RD
University of Arizona Wildcats batting - Pitching for Rice University Owls : RHP Steve Seaman
Batting: RHB Josh Carpenter 0-0: Called Strike
0-1: Fly out, F7 (Flyball, 7LM, EV 103.1 MPH)
Batting: RHB Ron Dondale 0-0: Foul Ball, location: 2F
0-1: Fly out, F8 (Flyball, 8RD, EV 91.2 MPH)
Batting: RHB Teddy Bonaddio 0-0: Fly out, F9 (Flyball, 9S, EV 70.6 MPH)
Top of the 3rd over - 0 runs, 0 hits, 0 errors, 0 left on base; University of Arizona 0 - Rice University 0
BOTTOM OF THE 3RD
Rice University Owls batting - Pitching for University of Arizona Wildcats : LHP Jessie Leslie
Batting: SHB Roderick Speed 0-0: Ball
1-0: Foul Ball, location: 2F
1-1: Ball
2-1: Ground out 6-3 (Groundball, 6, EV 102.5 MPH)
Batting: RHB Alex Valadez 0-0: Ball
1-0: Ground out 5-3 (Groundball, 5S, EV 88.8 MPH)
Batting: RHB Yu-zeng Mai 0-0: Ball
1-0: Ball
2-0: Ball
3-0: Swinging Strike
3-1: Called Strike
3-2: Foul Ball, location: 2F
3-2: Foul Ball, location: 2F
3-2: Ground out 3-1 (Groundball, 34, EV 92.5 MPH)
Bottom of the 3rd over - 0 runs, 0 hits, 0 errors, 0 left on base; University of Arizona 0 - Rice University 0
TOP OF THE 4TH
University of Arizona Wildcats batting - Pitching for Rice University Owls : RHP Steve Seaman
Batting: RHB C.J. Wells 0-0: Swinging Strike
0-1: Swinging Strike
0-2: Strikes out swinging
Batting: LHB Gary Corrales 0-0: Ground out 4-3 (Groundball, 4S, EV 85.6 MPH)
Batting: RHB Eddy Amaya 0-0: Swinging Strike
0-1: Ball
1-1: Ball
2-1: Foul Ball, location: 2F
2-2: Foul Ball, location: 2F
2-2: Foul Ball, location: 2F
2-2: Strikes out looking
Top of the 4th over - 0 runs, 0 hits, 0 errors, 0 left on base; University of Arizona 0 - Rice University 0
BOTTOM OF THE 4TH
Rice University Owls batting - Pitching for University of Arizona Wildcats : LHP Jessie Leslie
Batting: LHB David Coatney 0-0: Ball
1-0: Ground out 6-3 (Groundball, P, EV 86.9 MPH)
Batting: RHB Fred Saxton 0-0: Called Strike
0-1: Fly out, F8 (Flyball, 89D, EV 90.0 MPH)
Batting: SHB Joan Coucieiro 0-0: Ball
1-0: Ball
2-0: Ball
3-0: Base on Balls
Batting: RHB Adrian Quilantan 0-0: Ball
1-0: Called Strike
1-1: Swinging Strike
1-2: Ball
Wild Pitch!
Joan Coucieiro to second
2-2: Ball
3-2: DOUBLE (Groundball, 5L, EV 106.2 MPH)
Joan Coucieiro scores
Batting: RHB Alex Ruybalid 0-0: Ground out 6-3 (Groundball, 6, EV 78.8 MPH)
Bottom of the 4th over - 1 run, 1 hit, 0 errors, 1 left on base; University of Arizona 0 - Rice University 1
TOP OF THE 5TH
University of Arizona Wildcats batting - Pitching for Rice University Owls : RHP Steve Seaman
Batting: LHB Andrew Davis 0-0: Ball
1-0: Called Strike
1-1: Foul Ball, location: 2F
1-2: Strikes out swinging
Batting: RHB Alejandro de Jesus 0-0: Foul Ball, location: 2F
0-1: Swinging Strike
0-2: SINGLE (Groundball, P, EV 87.5 MPH) (infield hit)
Batting: RHB Larry Harlow 0-0: Ball
1-0: Swinging Strike
1-1: Foul Ball, location: 2F
1-2: Hit by Pitch
Alejandro de Jesus to second
Batting: RHB Josh Carpenter 0-0: Ball
1-0: Fly out, F8 (Flyball, 8RD, EV 105.6 MPH)
Batting: RHB Ron Dondale 0-0: Ball
1-0: Called Strike
1-1: Foul Ball, location: 2F
1-2: Strikes out swinging
Top of the 5th over - 0 runs, 1 hit, 0 errors, 2 left on base; University of Arizona 0 - Rice University 1
BOTTOM OF THE 5TH
Rice University Owls batting - Pitching for University of Arizona Wildcats : LHP Jessie Leslie
Batting: RHB Russ Kennett 0-0: Foul Ball, location: 2F
0-1: Ball
1-1: Called Strike
1-2: Ball
2-2: Strikes out swinging
Batting: SHB Roderick Speed 0-0: Fly out, F8 (Flyball, 8LD, EV 96.2 MPH)
Batting: RHB Alex Valadez 0-0: Foul Ball, location: 2F
0-1: Ball
1-1: Ball
2-1: Fly out, F8 (Flyball, 78M, EV 76.9 MPH)
Bottom of the 5th over - 0 runs, 0 hits, 0 errors, 0 left on base; University of Arizona 0 - Rice University 1
TOP OF THE 6TH
University of Arizona Wildcats batting - Pitching for Rice University Owls : RHP Steve Seaman
Batting: RHB Teddy Bonaddio 0-0: Ball
1-0: Ball
2-0: Foul Ball, location: 2F
2-1: Fly out, F9 (Flyball, 9D, EV 102.5 MPH)
Batting: RHB C.J. Wells 0-0: Ball
1-0: Called Strike
1-1: Ball
2-1: Called Strike
2-2: Foul Ball, location: 2F
2-2: Hit by Pitch
Batting: LHB Gary Corrales 0-0: Foul Ball, location: 2F
0-1: Ball
1-1: Ball
2-1: Swinging Strike
2-2: SINGLE (Groundball, 34, EV 103.8 MPH)
C.J. Wells to second
Runner from 2nd tries for 3rd, SAFE, no throw by RF
Batting: RHB Eddy Amaya 0-0: Foul Ball, location: 2F
0-1: Ball
1-1: Foul Ball, location: 2F
1-2: Strikes out looking
Batting: LHB Andrew Davis 0-0: Called Strike
0-1: Swinging Strike
0-2: Foul Ball, location: 2F
0-2: Ball
1-2: Strikes out looking
Top of the 6th over - 0 runs, 1 hit, 0 errors, 2 left on base; University of Arizona 0 - Rice University 1
BOTTOM OF THE 6TH
Rice University Owls batting - Pitching for University of Arizona Wildcats : LHP Jessie Leslie
Batting: RHB Yu-zeng Mai 0-0: Ball
1-0: Fly out, F8 (Line Drive, 8LD, EV 88.8 MPH)
Batting: LHB David Coatney 0-0: Ball
1-0: Ball
2-0: Ball
3-0: Called Strike
3-1: Base on Balls
Batting: RHB Fred Saxton 0-0: Called Strike
David Coatney is caught stealing 2nd base 2-4
0-1: Ground out 4-3 (Groundball, 4S, EV 73.8 MPH)
Bottom of the 6th over - 0 runs, 0 hits, 0 errors, 0 left on base; University of Arizona 0 - Rice University 1
TOP OF THE 7TH
University of Arizona Wildcats batting - Pitching for Rice University Owls : RHP Steve Seaman
Pinch Hitting: LHB Lihau Keawe 0-0: Called Strike
0-1: Ground out 4-3 (Groundball, 4, EV 78.1 MPH)
Batting: RHB Larry Harlow 0-0: Swinging Strike
0-1: Ball
1-1: SINGLE (Groundball, 4MD, EV 102.5 MPH)
Pinch Hitting: LHB Pascal Noël 0-0: Called Strike
0-1: Called Strike
0-2: Ball
1-2: Ball
2-2: Foul Ball, location: 2F
2-2: Ball
3-2: Ground out 5-3 (Groundball, 5, EV 97.5 MPH)
Larry Harlow to second
Batting: RHB Ron Dondale 0-0: Foul Ball, location: 2F
0-1: Ball
1-1: Foul Ball, location: 2F
1-2: Ball
2-2: Foul Ball, location: 2F
2-2: Ball
3-2: Ground out 5-3 (Groundball, 56, EV 90.0 MPH)
Top of the 7th over - 0 runs, 1 hit, 0 errors, 1 left on base; University of Arizona 0 - Rice University 1
BOTTOM OF THE 7TH
Rice University Owls batting - Pitching for University of Arizona Wildcats : LHP Jessie Leslie
Now at 3B: Pascal Noël
Now in RF: Lihau Keawe
Batting: SHB Joan Coucieiro 0-0: Called Strike
0-1: Called Strike
0-2: Foul Ball, location: 2F
0-2: Strikes out looking
Batting: RHB Adrian Quilantan 0-0: Ball
1-0: Called Strike
1-1: SINGLE (Groundball, 4M, EV 83.1 MPH) (infield hit)
Batting: RHB Alex Ruybalid 0-0: Ball
1-0: Ball
Wild Pitch!
Adrian Quilantan to second
2-0: Foul Ball, location: 2F
2-1: Foul Ball, location: 2F
2-2: Fly out, F3 (Popup, 3S, EV 72.5 MPH)
Pitching: RHP Andy Darnell
Batting: RHB Russ Kennett 0-0: Ball
1-0: Ball
2-0: Ball
3-0: Called Strike
3-1: Base on Balls
Batting: SHB Roderick Speed 0-0: Ball
1-0: Foul Ball, location: 2F
1-1: Foul Ball, location: 2F
1-2: Strikes out looking
Bottom of the 7th over - 0 runs, 1 hit, 0 errors, 2 left on base; University of Arizona 0 - Rice University 1
TOP OF THE 8TH
University of Arizona Wildcats batting - Pitching for Rice University Owls : RHP Steve Seaman
Batting: LHB Jere Paatelainen 0-0: Ball
1-0: Ball
2-0: Foul Ball, location: 2F
2-1: Reached on error, E9 (Flyball, 89S, EV 76.2 MPH)
Batting: RHB C.J. Wells 0-0: Ball
1-0: Ball
2-0: Called Strike
2-1: Foul Ball, location: 2F
2-2: Strikes out swinging
Batting: LHB Gary Corrales 0-0: Foul Ball, location: 2F
0-1: Ball
1-1: Swinging Strike
1-2: Strikes out looking
Batting: RHB Eddy Amaya 0-0: Ball
1-0: Ball
2-0: Foul Ball, location: 2F
2-1: Foul Ball, location: 2F
2-2: Ball
3-2: Ground out 4-3 (Groundball, 34, EV 78.8 MPH)
Top of the 8th over - 0 runs, 0 hits, 1 error, 1 left on base; University of Arizona 0 - Rice University 1
BOTTOM OF THE 8TH
Rice University Owls batting - Pitching for University of Arizona Wildcats : RHP Andy Darnell
Pinch Hitting: SHB Yu-hsui Lew 0-0: Ball
1-0: SINGLE (Groundball, 6D, EV 100.0 MPH)
Batting: RHB Yu-zeng Mai 0-0: Ball
1-0: Sac Bunt to 5S - play at first, batter OUT! 5-3
Yu-hsui Lew to second
Batting: LHB David Coatney 0-0: Ball
1-0: DOUBLE (Line Drive, 5D, EV 94.4 MPH)
Yu-hsui Lew scores
Batting: RHB Fred Saxton 0-0: Ball
1-0: SINGLE (Flyball, 56D, EV 84.4 MPH)
David Coatney to third
Batting: SHB Joan Coucieiro 0-0: Ball
1-0: Ball
2-0: Called Strike
2-1: Foul Ball, location: 2F
2-2: Strikes out swinging
Pitching: RHP Jairo Picano
Batting: RHB Adrian Quilantan 0-0: Ball
1-0: Fly out, F7 (Flyball, 78S, EV 80.0 MPH)
Bottom of the 8th over - 1 run, 3 hits, 0 errors, 2 left on base; University of Arizona 0 - Rice University 2
TOP OF THE 9TH
University of Arizona Wildcats batting - Pitching for Rice University Owls : RHP Steve Seaman
Pitching: RHP John Kerfoot
Now in RF: Eddie Lemus
Batting: LHB Andrew Davis 0-0: Ball
1-0: Fly out, F7 (Flyball, 78S, EV 86.9 MPH)
Batting: LHB Lihau Keawe 0-0: Called Strike
0-1: Ball
1-1: Swinging Strike
1-2: Strikes out swinging
Batting: RHB Larry Harlow 0-0: Foul Ball, location: 2F
0-1: Ball
1-1: Ball
2-1: Ball
3-1: Foul Ball, location: 2F
3-2: SINGLE (Groundball, 15S, EV 71.9 MPH) (infield hit)
Batting: LHB Pascal Noël 0-0: Called Strike
0-1: Ball
1-1: Ball
2-1: Called Strike
2-2: Ball
3-2: Strikes out swinging
Top of the 9th over - 0 runs, 1 hit, 0 errors, 1 left on base; University of Arizona 0 - Rice University 2
Sunday, July 16th , 2023 - OOTP Baseball 24.6 Build 69